 Dungeon Crawl Stone Soup version 0.28.0-43-g3370ac3207 (webtiles) character file.

Game seed: 1344260320977015379

648 MacCMillion the Stinger (level 7, -4/51 HPs)
             Began as a Gnoll Venom Mage on Mar 3, 2022.
             Slain by an iguana (13 damage)
             ... on level 3 of the Dungeon.
             The game lasted 00:21:38 (6782 turns).

MacCMillion the Stinger (Gnoll Venom Mage)          Turns: 6782, Time: 00:21:38

Health: -4/51      AC:  3    Str:  8    XL:     7   Next: 53%
Magic:  5/15       EV: 13    Int: 16    God:
Gold:   117        SH:  0    Dex: 12    Spells: 5/17 levels left

rFire   . . .      SeeInvis .   i - +0 rapier
rCold   . . .      Faith    .   (no shield)
rNeg    . . .      Spirit   .   a - +0 robe
rPois   .          Reflect  .   (no helmet)
rElec   .          Harm     .   j - +0 cloak
rCorr   .          Rampage  .   (no gloves)
Will    .....                   (no boots)
Stlth   +++.......              (no amulet)
HPRegen 0.17/turn               (no ring)
MPRegen 0.14/turn               (no ring)

@: no status effects
A: fangs 1, strong nose, distributed training
a: no special abilities


You were on level 3 of the Dungeon.
You visited 1 branch of the dungeon, and saw 5 of its levels.
You also visited: Ossuary.

You collected 117 gold pieces.

Inventory:

Hand Weapons
 i - a +0 rapier (weapon)
 o - a +0 antimagic dagger
Missiles
 f - 6 poisoned darts
 s - a throwing net
Armour
 a - a +0 robe (worn)
 d - a +0 kite shield
 h - a +0 plate armour
 j - a +0 cloak (worn)
Wands
 l - a wand of flame (11)
Scrolls
 c - a scroll of acquirement {unknown}
 m - a scroll of teleportation {unknown}
 n - a scroll of fear {unknown}
 p - 2 scrolls of amnesia {unknown}
 u - a scroll of vulnerability {unknown}
 v - 2 scrolls of noise {unknown}
 x - 2 scrolls of enchant weapon {unknown}
 z - a scroll of torment {unknown}
 A - 3 scrolls of fog {unknown}
 C - a scroll of immolation {unknown}
Potions
 b - 2 potions of might
 e - 2 potions of degeneration
 g - 4 potions of curing {unknown}
 k - a potion of mutation
 q - 2 potions of heal wounds
 r - 2 potions of haste {unknown}
 t - a potion of experience {unknown}
 w - a potion of ambrosia {unknown}
 B - a potion of resistance {unknown}


   Skills:
 + Level 2.5 Fighting
 + Level 2.5 Short Blades
 + Level 2.5 Long Blades
 + Level 2.5 Axes
 + Level 2.5 Maces & Flails
 + Level 2.5 Polearms
 + Level 2.5 Staves
 + Level 2.5 Slings
 + Level 2.5 Bows
 + Level 2.5 Crossbows
 + Level 2.5 Throwing
 + Level 2.5 Armour
 + Level 5.2 Dodging
 + Level 4.9 Stealth
 + Level 2.5 Shields
 + Level 2.5 Unarmed Combat
 + Level 5.6 Spellcasting
 + Level 2.0 Conjurations
 + Level 2.0 Hexes
 + Level 2.0 Summonings
 + Level 2.0 Necromancy
 + Level 2.0 Translocations
 + Level 3.0 Transmutations
 + Level 2.0 Fire Magic
 + Level 2.0 Ice Magic
 + Level 2.0 Air Magic
 + Level 2.0 Earth Magic
 + Level 5.8 Poison Magic
 + Level 2.8 Invocations
 + Level 2.5 Evocations


You had 5 spell levels left.
You knew the following spells:

 Your Spells              Type           Power      Damage    Failure   Level
a - Sting                 Tmut/Pois      72%        1d6       2%          1
b - Poisonous Vapours     Pois/Air       34%        N/A       4%          2
c - Mephitic Cloud        Conj/Pois/Air  15%        N/A       11%         3
d - Olgreb's Toxic Radia  Pois           23%        N/A       13%         4
e - Wereblood             Tmut           14%        N/A       6%          2

Your spell library contained the following spells:

 Spells                   Type           Power      Damage    Failure   Level
 Foxfire                  Conj/Fire      44%        2x1d6     6%          1
 Freeze                   Ice            44%        1d6       6%          1
 Sublimation of Blood     Necr           11%        N/A       9%          2
 Conjure Flame            Conj/Fire      11%        6-21      19%         3
 Frozen Ramparts          Ice            22%        1d4       19%         3
 Inner Flame              Hex/Fire       11%        N/A       19%         3
 Flame Wave               Conj/Fire      11%        2d5       52%         4
 Hailstorm                Conj/Ice       11%        3d5       52%         4
 Summon Hydra             Summ           5%         N/A       100%        7


Dungeon Overview and Level Annotations

Branches:
Dungeon (5/15)            Ossuary (visited)
 Temple: D:4-7

Altars:
Okawaru

Shops:
D:1 [

Annotations:
D:1 dig
D:4 Grinder


Innate Abilities, Weirdness & Mutations

You have very sharp teeth.
Your uncanny sense of smell can sniff out nearby items.
Your experience applies equally to all skills.


Message History

Aiming: Sting (safe; 2% risk of failure)
Press: ? - help, Q - select action, (/) - cycle Shift-Dir - straight line, f/p - adder
Aim: an adder (lightly wounded, very poisoned, 57% to hit)
The sting misses the adder.
The iguana completely misses you.
The iguana bites you but does no damage.
Aiming: Sting (safe; 2% risk of failure)
Press: ? - help, Q - select action, (/) - cycle Shift-Dir - straight line, f/p - adder
Aim: an adder (moderately wounded, poisoned, 57% to hit)
The sting hits the adder.
The adder looks even sicker.
The adder is heavily wounded.
The adder closely misses you. The iguana barely misses you.
Unknown command.
The adder misses you.
Aiming: Sting (safe; 2% risk of failure)
Press: ? - help, Q - select action, (/) - cycle Shift-Dir - straight line, f/p - adder
Aim: an adder (severely wounded, very poisoned, 57% to hit)
The sting hits the adder but does no damage.
The adder looks even sicker.
The adder is severely wounded.
The adder bites you but does no damage. The iguana closely misses you.
Unknown command.
You kill the adder!
There is a stone staircase leading up here.
The iguana bites you!
* * * LOW HITPOINT WARNING * * *
You climb upwards.
Level annotation: Grinder
There is a stone staircase leading down here.
Found a bubbling pink potion.
The iguana barely misses you.
There is a stone staircase leading up here.
The iguana bites you but does no damage.
You climb upwards.
There is a stone staircase leading down here.
The iguana bites you!
* * * LOW HITPOINT WARNING * * *
The iguana hisses menacingly.
The iguana bites you!
You die...

#.......#####
###.###.#...#
#...#.....#.#
#.###.#...#.#
#........##.#
#####.....#.#######
#.#...........#
#........###.##
#...l@........#
##.#.#......###
#.#..<####.##
#.#.#####...#
#.#.#...#...#
#############.#.........#
....รท........>###.......#
############### #.####.##
#.# #.#


You could see an iguana.

Vanquished Creatures
  A black bear (D:5)
  A howler monkey (D:5)
  2 hounds
  An orc priest (D:5)
  An iguana (D:5)
  An orc wizard (D:5)
  11 mummies (Ossuary)
  4 gnolls
  A howler monkey zombie (D:4)
  7 adders
  An adder skeleton (D:4)
  5 worms (D:2)
  3 dart slugs
  6 orcs
  5 ball pythons
  4 bats
  5 endoplasms
  2 giant cockroaches (D:4)
  11 goblins
  9 hobgoblins
  6 jackals
  16 kobolds
  A quokka (D:4)
  4 frilled lizards
  A gnoll skeleton (Ossuary)
  A goblin skeleton (Ossuary)
  3 kobold skeletons (Ossuary)
  3 orc skeletons (Ossuary)
  5 rats
  11 rat skeletons (Ossuary)
132 creatures vanquished.

Vanquished Creatures (others)
  63 plants (D:5)
63 creatures vanquished.

Grand Total: 195 creatures vanquished

Notes
Turn   | Place    | Note
-------+----------+-------------------------------------------
     0 | D:1      | MacCMillion the Gnoll Venom Mage began the quest for the
                  | Orb.
     0 | D:1      | Reached XP level 1. HP: 13/13 MP: 6/6
    10 | D:1      | Noticed a centaur
   113 | D:1      | Reached XP level 2. HP: 20/20 MP: 5/7
   134 | D:1      | Learned a level 2 spell: Poisonous Vapours
   180 | D:1      | Found a faded altar of an unknown god.
   296 | D:1      | Reached XP level 3. HP: 25/25 MP: 7/9
   436 | D:1      | Reached skill level 5 in Spellcasting
   624 | D:1      | Found Neiheusch's Antique Armour Emporium.
   721 | D:1      | Reached skill level 1 in Invocations
  1149 | D:2      | Reached skill level 1 in Fighting
  1149 | D:2      | Reached skill level 1 in Short Blades
  1149 | D:2      | Reached skill level 1 in Long Blades
  1149 | D:2      | Reached skill level 1 in Axes
  1149 | D:2      | Reached skill level 1 in Maces & Flails
  1149 | D:2      | Reached skill level 1 in Polearms
  1149 | D:2      | Reached skill level 1 in Staves
  1149 | D:2      | Reached skill level 1 in Slings
  1149 | D:2      | Reached skill level 1 in Bows
  1149 | D:2      | Reached skill level 1 in Crossbows
  1149 | D:2      | Reached skill level 1 in Throwing
  1149 | D:2      | Reached skill level 1 in Armour
  1149 | D:2      | Reached skill level 1 in Shields
  1149 | D:2      | Reached skill level 1 in Unarmed Combat
  1149 | D:2      | Reached skill level 1 in Evocations
  1337 | D:2      | Reached XP level 4. HP: 27/32 MP: 8/11
  1901 | D:2      | Reached skill level 1 in Conjurations
  1901 | D:2      | Reached skill level 1 in Hexes
  1901 | D:2      | Reached skill level 1 in Summonings
  1901 | D:2      | Reached skill level 1 in Necromancy
  1901 | D:2      | Reached skill level 1 in Translocations
  1901 | D:2      | Reached skill level 1 in Fire Magic
  1901 | D:2      | Reached skill level 1 in Ice Magic
  1901 | D:2      | Reached skill level 1 in Air Magic
  1901 | D:2      | Reached skill level 1 in Earth Magic
  2373 | D:3      | Reached XP level 5. HP: 37/37 MP: 10/12
  3136 | D:4      | Noticed Grinder
  3270 | D:4      | Reached XP level 6. HP: 44/44 MP: 8/13
  3353 | D:4      | Found an iron altar of Okawaru.
  3379 | D:4      | Noticed a black bear
  3400 | D:5      | Entered Level 5 of the Dungeon
  3409 | D:5      | Killed a black bear
  3410 | D:5      | Reached skill level 5 in Dodging
  3837 | D:5      | Learned a level 3 spell: Mephitic Cloud
  3844 | D:5      | Learned a level 4 spell: Olgreb's Toxic Radiance
  3880 | D:5      | Found a sand-covered staircase.
  3902 | Ossuary  | Entered an ossuary
  3921 | Ossuary  | Learned a level 2 spell: Wereblood
  4194 | Ossuary  | Reached XP level 7. HP: 21/50 MP: 15/15
  6782 | D:3      | Slain by an iguana

Illustrated notes

Levels and vault maps discovered:
D:1:      evilmike_arrival_come_back, layout_loops_ring,
          hellmonk_ecumenical_altar_dog_temple, serial_shops, shop
D:2:      layout_basic
D:3:      layout_basic
D:4:      layout_cave_pools, lemuel_crystal_altar, st_stairs_6, uniq_duvessa,
          uniq_crazy_yiuf_cottage, uniq_grinder, uniq_edmund
D:5:      kennysheep_kobold_camp, layout_cave_pools, enter_ossuary_2,
          uniq_blork_the_orc

Skill      XL: |  1  2  3  4  5  6  7 |
---------------+----------------------+-----
Transmutations | 2 3 |  3.0
Spellcasting   | 5 |  5.6
Invocations    | 1 2 |  2.8
Fighting       | 1 2 |  2.5
Short Blades   | 1 2 |  2.5
Long Blades    | 1 2 |  2.5
Axes           | 1 2 |  2.5
Maces & Flails | 1 2 |  2.5
Polearms       | 1 2 |  2.5
Staves         | 1 2 |  2.5
Slings         | 1 2 |  2.5
Bows           | 1 2 |  2.5
Crossbows      | 1 2 |  2.5
Throwing       | 1 2 |  2.5
Armour         | 1 2 |  2.5
Shields        | 1 2 |  2.5
Unarmed Combat | 1 2 |  2.5
Evocations     | 1 2 |  2.5
Conjurations   | 1 2 |  2.0
Hexes          | 1 2 |  2.0
Summonings     | 1 2 |  2.0
Necromancy     | 1 2 |  2.0
Translocations | 1 2 |  2.0
Fire Magic     | 1 2 |  2.0
Ice Magic      | 1 2 |  2.0
Air Magic      | 1 2 |  2.0
Earth Magic    | 1 2 |  2.0
Dodging        | 5 |  5.2
Stealth        | |  4.9
Poison Magic   | |  5.8

Action                   |  1- 3 |  4- 6 |  7- 9 || total
-------------------------+-------+-------+-------++-------
Melee: Dagger            |     3 |       |       ||     3
       Rapier            |       |    61 |   137 ||   198
       Bite              |       |     7 |    21 ||    28
       Punch             |       |     1 |     5 ||     6
 Cast: Sting             |    49 |   102 |     8 ||   159
       Poisonous Vapours |     3 |    21 |     8 ||    32
       Wereblood         |       |     3 |     6 ||     9
  Use: Scroll            |       |       |     4 ||     4
 Stab: Sleeping          |       |     2 |     5 ||     7
Armor: Robe              |     4 |    26 |    21 ||    51
Dodge: Dodged            |     2 |    84 |    54 ||   140
